 Dungeon Sprint DCSS version 0.21-a0-401-g0b6bec4 (webtiles) character file.

528 Kidiri the Skirmisher (level 7, -11/60 HPs)
             Began as a Demonspawn Monk on Oct 26, 2017.
             Was an Elder of Wu Jian.
             Mangled by an efreet
             ... wielding a +0 scimitar of flaming
              (21 damage)
             ... in the Dungeon (Sprint VII: "The Pits").
             The game lasted 00:05:58 (736 turns).

Kidiri the Skirmisher (Demonspawn Monk)              Turns: 736, Time: 00:05:58

Health: -11/60     AC: 10    Str: 12    XL:     7   Next: 3%
Magic:  7/7        EV: 22    Int: 11    God:    Wu Jian [****..]
Gold:   0          SH:  0    Dex: 22    Spells: 6/6 levels left

rFire    . . .     SeeInvis .   a - +2 falchion (protect)
rCold    . . .     Gourm    .   (no shield)
rNeg     . . .     Faith    .   q - +0 leather armour
rPois    .         Spirit   .   (no helmet)
rElec    .         Reflect  .   (no cloak)
rCorr    .         Harm     .   (no gloves)
MR       .....     NoTele   +   (no boots)
Stlth    ++........             (no amulet)
HPRegen  0.20/turn              (no ring)
MPRegen  0.10/turn              (no ring)

@: agile, exhausted, protection aura, glowing, heavenly storm
A: claws 2, powered by death 1, powered by pain 1
a: Serpent's Lash, Renounce Religion


You were in the Dungeon.
You worshipped Wu Jian.
Wu Jian was greatly pleased with you.
You were not hungry.

You visited 1 branch

Inventory:

Hand Weapons
 a - a +2 falchion of protection (weapon)
 r - a +1 long sword of flaming
Missiles
 b - an arrow
 p - 10 stones
 s - 2 tomahawks (quivered)
Armour
 q - a +0 leather armour (worn)
Scrolls
 k - 3 scrolls of remove curse
 l - 5 scrolls of amnesia
 m - a scroll of summoning
Potions
 d - 6 potions of curing
 e - 3 potions of heal wounds
 f - a potion of haste
 g - 4 potions of magic
 h - a potion of berserk rage
 j - 2 potions of invisibility
Comestibles
 c - 8 bread rations
 i - 2 chunks of flesh
 n - 40 fruits
 o - 7 meat rations


   Skills:
 * Level 7.4 Fighting
 * Level 6.7 Long Blades
 + Level 4.1 Throwing
 + Level 4.1 Armour
 * Level 6.7 Dodging
 * Level 6.9 Stealth


You had 6 spell levels left.
You didn't know any spells.

Dungeon Overview and Level Annotations

Branches:
Dungeon (1/1)

Altars:
Ashenzari
Cheibriados
Dithmenos
Elyvilon
Fedhas
Gozag
Hepliaklqana
Kikubaaqudgha
Makhleb
Nemelex Xobeh
Okawaru
Qazlal
Ru
Sif Muna
Trog
Uskayaw
Vehumet
Wu Jian
Xom
Yredelemnul
Zin
The Shining One
Beogh
Jiyva
Lugonu

Annotations:
D exclusions: 6 doors and 6 more exclusions


Innate Abilities, Weirdness & Mutations

You have very sharp fingernails.
You regenerate a little health from kills.
You sometimes gain a little power by taking damage.


Message History

You hit the efreet.
The efreet is heavily wounded.
SWOOSH!
There is an open door, spattered with blood here.
You hit the efreet but do no damage.
The efreet is heavily wounded.
The efreet hits you with a scimitar of flaming!
The efreet burns you.
You hit the efreet.
The efreet is severely wounded.
The efreet gestures at you.
The fireball explodes!
The fireball engulfs you!
* * * LOW HITPOINT WARNING * * *
You focus on the pain.
You feel agile all of a sudden.
The fireball engulfs the efreet.
The efreet completely resists.
You hit the efreet but do no damage.
The efreet is severely wounded.
The efreet hits you with a scimitar of flaming!!
You die...

#.#........##.......#
#.#........##.......#
#'###########.......#
#))#.#.## #########
#.).....# ##.#.#.##
#.......#+#
##.#.#.##R+
#.......#@#
##.#.#..+ยง#
##########


You could see an efreet.

Vanquished Creatures
  A flying skull (D)
  A wolf (D)
  A centaur (D)
  A bullfrog (D)
  2 orc priests (D)
  An iguana (D)
  A worker ant (D)
  2 adders (D)
  An ooze (D)
  An ufetubus (D)
  An adder skeleton (D)
  A leopard gecko (D)
  3 orcs (D)
  2 jackals (D)
  A goblin (D)
  A kobold (D)
21 creatures vanquished.

Notes
Turn   | Place    | Note
-------+----------+-------------------------------------------
     0 | D        | Kidiri the Demonspawn Monk began the quest for the Orb.
     0 | D        | Reached XP level 1. HP: 18/18 MP: 1/1
    35 | D        | Gained mutation: You sometimes gain a little power by taking damage. [demonic ancestry]
    35 | D        | Reached XP level 2. HP: 18/24 MP: 2/2
    70 | D        | Found a bloodstained altar of Trog.
    70 | D        | Found a deep blue altar of Sif Muna.
    70 | D        | Found a viscous altar of Jiyva.
    70 | D        | Found a hazy altar of Hepliaklqana.
    70 | D        | Found an opulent altar of Gozag.
    71 | D        | Found a glowing golden altar of the Shining One.
    71 | D        | Found a glowing silver altar of Zin.
    71 | D        | Found a basalt altar of Yredelemnul.
    71 | D        | Found a shimmering altar of Xom.
    71 | D        | Found an ornate altar of the Wu Jian Council.
    71 | D        | Found a sacrificial altar of Ru.
    71 | D        | Found a stormy altar of Qazlal.
    71 | D        | Found an iron altar of Okawaru.
    71 | D        | Found a sparkling altar of Nemelex Xobeh.
    71 | D        | Found a burning altar of Makhleb.
    71 | D        | Found a blossoming altar of Fedhas.
    71 | D        | Found a white marble altar of Elyvilon.
    71 | D        | Found a shadowy altar of Dithmenos.
    71 | D        | Found a snail-covered altar of Cheibriados.
    73 | D        | Found a radiant altar of Vehumet.
    73 | D        | Found a corrupted altar of Lugonu.
    73 | D        | Found a roughly hewn altar of Beogh.
    74 | D        | Found a hide-covered altar of Uskayaw.
    74 | D        | Found an ancient bone altar of Kikubaaqudgha.
    74 | D        | Found a shattered altar of Ashenzari.
    80 | D        | Became a worshipper of the Wu Jian Council
    80 | D        | Reached * piety under Wu Jian
    80 | D        | Reached ** piety under Wu Jian
   120 | D        | Reached skill level 1 in Throwing
   120 | D        | Reached skill level 1 in Armour
   129 | D        | Reached *** piety under Wu Jian
   133 | D        | Noticed a wolf
   138 | D        | Reached skill level 4 in Fighting
   141 | D        | Gained mutation: You have sharp fingernails. [demonic ancestry]
   141 | D        | Reached XP level 3. HP: 30/30 MP: 3/3
   148 | D        | Reached **** piety under Wu Jian
   148 | D        | Killed a wolf
   148 | D        | Reached skill level 5 in Fighting
   148 | D        | Gained mutation: You regenerate a little health from kills. [demonic ancestry]
   148 | D        | Reached XP level 4. HP: 28/39 MP: 4/4
   227 | D        | Noticed a flying skull
   231 | D        | Noticed a centaur
   232 | D        | Noticed a bullfrog
   484 | D        | Reached skill level 5 in Long Blades
   484 | D        | Gained mutation: You have very sharp fingernails. [demonic ancestry]
   484 | D        | Reached XP level 5. HP: 38/44 MP: 5/5
   488 | D        | Killed a centaur
   488 | D        | Reached skill level 6 in Fighting
   488 | D        | Reached skill level 5 in Dodging
   488 | D        | Reached skill level 5 in Stealth
   489 | D        | Killed a flying skull
   489 | D        | Reached ***** piety under Wu Jian
   489 | D        | Reached XP level 6. HP: 33/53 MP: 6/6
   496 | D        | Reached skill level 7 in Fighting
   668 | D        | Reached XP level 7. HP: 50/60 MP: 7/7
   731 | D        | Noticed an efreet
   736 | D        | Mangled by an efreet

Vault maps used:
D:        pitsprint

Skill      XL: |  1  2  3  4  5  6 |
---------------+-------------------+-----
Long Blades    | 3 4 5 6 |  6.7
Dodging        | 3 4 6 |  6.7
Stealth        | 2 3 4 6 |  6.9
Throwing       | 1 2 3 4 |  4.1
Armour         | 1 2 3 4 |  4.1
Fighting       | 4 5 6 7 |  7.4

Action                   |  1- 3 |  4- 6 |  7- 9 || total
-------------------------+-------+-------+-------++-------
Melee: Falchion          |    35 |    54 |     7 ||    96
Throw: Stone             |       |     4 |       ||     4
Invok: Serpent's Lash    |       |     2 |     1 ||     3
       Heavenly Storm    |       |       |     1 ||     1
  Use: Potion            |     2 |     3 |       ||     5
       Scroll            |       |     1 |       ||     1
 Stab: Sleeping          |     4 |       |     2 ||     6
       Distracted        |       |     1 |       ||     1
Armor: Robe              |    16 |    12 |       ||    28
       Leather armour    |       |     2 |       ||     2
Dodge: Dodged            |    38 |    46 |       ||    84
       Rpst.: Falchion   |    13 |    16 |       ||    29

Table legend:
 A = Spawn XP
 B = Non-spawn XP
 C = Spawn XP percentage of total XP
 D = Spawn monster count
 E = Non-spawn monster count
 F = Spawn count percentage of total count
 G = Total turns spent on level
                    A         B        C        D         E        F      G
               +---------+---------+-------+---------+---------+-------+---------
         Total |       0 |     755 |   0.0 |       0 |      21 |   0.0 |   736
               +---------+---------+-------+---------+---------+-------+---------
             D |       0 |     755 |   0.0 |       0 |      21 |   0.0 |   736
               +---------+---------+-------+---------+---------+-------+---------
